 Dungeon Crawl Stone Soup version 0.28.0-45-g0d030f2227 (webtiles) character file.

Game seed: 16087100286333620176

86 sking99 the Digger (level 4, -4/25 HPs)
             Began as a Gargoyle Earth Elementalist on May 23, 2022.
             Killed by divine providence
             ... invoked by an orc priest
              (16 damage)
             ... on level 3 of the Dungeon.
             The game lasted 00:06:45 (2326 turns).

sking99 the Digger (Gargoyle Earth Elementalist)    Turns: 2326, Time: 00:06:46

Health: -4/25      AC:  6    Str: 12    XL:     4   Next: 49%
Magic:  1/7        EV: 15    Int: 23    God:
Gold:   131        SH:  5    Dex: 10    Spells: 2/8 levels left

rFire   . . .      SeeInvis .   m - +2 dagger (venom)
rCold   . . .      Faith    .   (no shield)
rNeg    + . .      Spirit   .   r - +0 leather armour
rPois   ∞          Reflect  +   (no helmet)
rElec   +          Harm     .   (no cloak)
rCorr   .          Rampage  .   (no gloves)
Will    .....                   (no boots)
Stlth   ++........              s - amulet of reflection
HPRegen 0.08/turn               f - +4 ring of evasion
MPRegen 0.10/turn               o - +6 ring of intelligence

@: no status effects
A: sickness immunity, AC +3, negative energy resistance 1, electricity
resistance, torment resistance 1, petrification resistance
a: no special abilities


You were on level 3 of the Dungeon.
You visited 1 branch of the dungeon, and saw 3 of its levels.

You collected 131 gold pieces.

Inventory:

Hand Weapons
 m - a +2 dagger of venom (weapon)
Missiles
 c - 51 stones
Armour
 b - a +0 robe
 r - a +0 leather armour (worn)
Magical Staves
 w - a staff of air
Jewellery
 f - a +4 ring of evasion (left hand)
 o - a +6 ring of intelligence (right hand)
 q - an amulet of the acrobat
 s - an amulet of reflection (around neck)
Scrolls
 d - 2 scrolls of enchant weapon {unknown}
 e - a scroll of fear {unknown}
 j - a scroll of vulnerability {unknown}
 k - a scroll of amnesia {unknown}
 l - a scroll of torment {unknown}
 n - 2 scrolls of identify {unknown}
 p - a scroll of magic mapping {unknown}
 v - a scroll of blinking {unknown}
 x - 2 scrolls of teleportation {unknown}
Potions
 a - a potion of lignification {unknown}
 g - a potion of haste {unknown}
 h - 2 potions of curing {unknown}
 i - a potion of resistance {unknown}
 t - a potion of invisibility {unknown}
 u - a potion of brilliance {unknown}


   Skills:
 + Level 1.3 Fighting
 - Level 1.5 Dodging
 - Level 2.1 Stealth
 + Level 2.6 Spellcasting
 + Level 1.0 Conjurations
 - Level 1.3 Transmutations
 * Level 4.9 Earth Magic


You had 2 spell levels left.
You knew the following spells:

 Your Spells              Type           Power      Damage    Failure   Level
a - Sandblast             Erth           50%        2d12      1%          1
b - Stone Arrow           Conj/Erth      32%        3d9       14%         3
z - Passwall              Tmut/Erth      14%        N/A       6%          2

Your spell library contained the following spells:

 Spells                   Type           Power      Damage    Failure   Level
 Ignite Poison            Fire/Tmut/Pois 5%         N/A       36%         3
 Mephitic Cloud           Conj/Pois/Air  4%         N/A       38%         3
 Petrify                  Tmut/Erth      17%        N/A       38%         4
 Freezing Cloud           Conj/Ice/Air   2%         6-21      98%         5


Dungeon Overview and Level Annotations

Branches:
Dungeon (3/15)

Altars:
Qazlal


Innate Abilities, Weirdness & Mutations

You are immune to sickness and miasma.
Your stone body is resilient. (AC +3)
You are immune to poison.
You resist negative energy. (rN+)
You are resistant to electric shocks. (rElec)
You are resistant to unholy torment.
You are immune to petrification.


Message History

Aim: an orc, wielding a +0 whip (almost dead, 81% to hit)
The blast of sand hits the orc!!
You kill the orc!
Casting: Sandblast (safe; 1% risk of failure)
Confirm with . or Enter, or press ? or * to list all spells.
Aiming: Sandblast (safe; 1% risk of failure)
Press: ? - help, Shift-Dir - straight line, f - orc priest
Aim: an orc priest, wielding a +0 club and wearing a +0 ring mail (83% to hit)
The blast of sand hits the orc priest but does no damage.
The orc sings a few bars from the Orcish anthem.
Casting: Sandblast (safe; 1% risk of failure)
Confirm with . or Enter, or press ? or * to list all spells.
Aiming: Sandblast (safe; 1% risk of failure)
Press: ? - help, Shift-Dir - straight line, f/p - orc priest
Aim: an orc priest, wielding a +0 club and wearing a +0 ring mail (83% to hit)
The blast of sand hits the orc!
You kill the orc!
The orc priest calls down the wrath of Beogh upon you.
Beogh smites you!
Ouch! That really hurt!
Your Conjurations skill increases to level 1!
Casting: Sandblast (safe; 1% risk of failure)
Confirm with . or Enter, or press ? or * to list all spells.
Aiming: Sandblast (safe; 1% risk of failure)
Press: ? - help, Shift-Dir - straight line, f/p - orc priest
Aim: an orc priest, wielding a +0 club and wearing a +0 ring mail (83% to hit)
The blast of sand hits the orc priest.
The orc priest is lightly wounded.
The orc priest closely misses you.
Things that are here:
a +0 whip; a +0 club; an orc corpse You hit the orc priest.
The orc priest is poisoned.
The orc priest is heavily wounded.
The orc priest hits you but does no damage.
You hit the orc priest.
The orc priest is severely wounded.
The orc priest calls down the wrath of Beogh upon you.
Beogh smites you!
Ouch! That really hurt!
You die...

#.. #.##.# ... ##..... #.#
........ #.# #...... ... #......
#.# #>.... .P♣ #o# #.##.# .♣ ♣.
..P♣. #@# ###.##.# (♣P.. ...
#.#.#......## ###.♣.♣ .
♣.♣#.#.#.#.....### ....P.♣♣
.P♣♣.P....#.####....#
.#...PP♣♣.♣♣PP.#.###.##......##
....≈≈P.....P≈≈...##.##.#.....###
....≈≈.P♣♣♣P.≈≈.......[.#........
.........#.#.##...##.......###.#.
..............##.########......#


You could see an orc priest (very poisoned).

Vanquished Creatures
  An orc wizard (D:3)
  An adder (D:3)
  A dart slug (D:1)
  6 orcs (D:3)
  3 ball pythons
  3 bats (D:2)
  2 endoplasms
  2 giant cockroaches (D:2)
  2 goblins (D:1)
  2 hobgoblins (D:1)
  2 jackals (D:2)
  2 quokkas
  2 frilled lizards (D:2)
  9 kobolds
  6 rats
44 creatures vanquished.

Vanquished Creatures (others)
  16 plants (D:2)
16 creatures vanquished.

Grand Total: 60 creatures vanquished

Notes
Turn   | Place    | Note
-------+----------+-------------------------------------------
     0 | D:1      | sking99 the Gargoyle Earth Elementalist began the quest for
                  | the Orb.
     0 | D:1      | Reached XP level 1. HP: 10/10 MP: 3/3
   113 | D:1      | Reached skill level 1 in Transmutations
   322 | D:1      | Reached skill level 4 in Earth Magic
   322 | D:1      | Reached XP level 2. HP: 15/15 MP: 3/5
   380 | D:1      | Learned a level 2 spell: Passwall
  1044 | D:2      | Found a stormy altar of Qazlal.
  1170 | D:2      | Reached XP level 3. HP: 19/20 MP: 0/6
  1586 | D:2      | Learned a level 3 spell: Stone Arrow
  1786 | D:3      | Found a faded altar of an unknown god.
  1786 | D:3      | Noticed an eye of devastation
  1792 | D:3      | Reached skill level 1 in Fighting
  1809 | D:3      | Noticed a floating eye
  1813 | D:3      | Noticed a golden eye
  1813 | D:3      | Noticed a floating eye
  2013 | D:3      | Identified the +6 mace "Tattletale" {vamp, Str+3}
  2131 | D:3      | Reached XP level 4. HP: 13/25 MP: 4/7
  2323 | D:3      | Reached skill level 1 in Conjurations
  2326 | D:3      | Killed from afar by an orc priest

Illustrated notes

Levels and vault maps discovered:
D:1:      psy_arrival_whirlpool, layout_basic
D:2:      layout_rooms, basic_altar, lexackson_kobold_supper
D:3:      cheibrodos_greedy_goblins, layout_loops_cross,
          nicolae_elyvilon_peaceful_grove,
          hellmonk_ecumenical_altar_watching_god, kennysheep_generic_room_8

Skill      XL: |  1  2  3  4 |
---------------+-------------+-----
Transmutations | 1 |  1.3
Earth Magic    | 4 |  4.9
Fighting       | 1 |  1.3
Conjurations   | 1 |  1.0
Dodging        | |  1.5
Stealth        | |  2.1
Spellcasting   | |  2.6

Action                   |  1- 3 |  4- 6 || total
-------------------------+-------+-------++-------
Melee: Dagger            |     3 |     2 ||     5
 Cast: Sandblast         |    57 |     9 ||    66
       Passwall          |     1 |       ||     1
Armor: Robe              |     4 |       ||     4
       Leather armour    |     2 |     1 ||     3
Dodge: Dodged            |    13 |     1 ||    14
